 Dungeon Crawl Stone Soup version 0.14-a0-2950-gbe29d66 (webtiles) character file.

140919 Kae the Swashbuckler (level 16, -11/81 HPs)
             Began as a Spriggan Enchanter on Mar 4, 2014.
             Was an Elder of Dithmenos.
             Killed by angry trees
             ... awakened by a spriggan druid
              (20 damage)
             ... on Level 5 of the Swamp.
             The game lasted 02:27:20 (44872 turns).

Kae the Swashbuckler (Spriggan Enchanter)          Turns: 44872, Time: 02:27:21

HP -11/81        AC  8     Str 10      XL: 16   Next: 67%
MP  26/39        EV 29     Int 17      God: Dithmenos [****..]
Gold 4163        SH  0     Dex 17      Spells:  4 memorised, 31 levels left

rFire  + . .     SeeInvis +     a - +7,-3 quick blade "Efimid" {stab, +Rage rElec rF+ Str+2}
rCold  . . .     Clarity  +     k - +1 robe of Truth {MR++}
rNeg   . . .     Conserve .     (shield restricted)
rPois  +         rCorr    .     (helmet restricted)
rElec  +         rRot     .     F - +2 cloak
SustAb . .       Spirit   .     (gloves unavailable)
rMut   .         Warding  .     (boots unavailable)
Saprov . . .     Stasis   .     r - amulet of clarity
MR     ++++.                    g - ring of flight
                                Q - ring of poison resistance

@: wreathed by umbra, very quick, incredibly resistant to hostile enchantments,
uncannily stealthy
A: unfitting armour, thin metallic scales 1, see invisible, breathe flames 1,
clumsy 1, herbivore 3, speed 3, sense surroundings 1, slow metabolism 2
a: Shadow Step, Renounce Religion, Breathe Fire, Evoke Berserk Rage, Evoke
Flight


You were on level 5 of the Swamp.
You worshipped Dithmenos.
Dithmenos was greatly pleased with you.
You were very hungry.

You visited 4 branches of the dungeon, and saw 33 of its levels.
You also visited: Labyrinth, Trove, Bailey and Ice Cave.

You collected 4427 gold pieces.
You spent 264 gold pieces at shops.

Inventory:

Hand weapons
 a - the +7,-3 quick blade "Efimid" (weapon) {stab, +Rage rElec rF+ Str+2}
   (You found it on level 8 of the Lair of Beasts)

   It inflicts extra damage upon your enemies.
   It affects your strength (+2).
   It protects you from fire.
   It insulates you from electricity.
   It lets you go berserk.
 b - a +8,+5 quick blade
Missiles
 t - 2 darts (quivered)
Armour
 k - the +1 robe of Truth (worn) {MR++}
   (You found it on level 5 of the Dungeon)

   It affects your resistance to hostile enchantments.
 F - a +2 cloak (worn)
Magical devices
 i - a wand of disintegration (14)
 s - a wand of digging (24)
 u - a wand of hasting (9)
 C - a wand of teleportation (2)
 N - a wand of digging (8)
 P - a wand of disintegration (10)
Comestibles
 d - 3 bread rations
 x - 16 grapes
 B - an apple
 H - 3 chokos
Scrolls
 f - 2 scrolls of fog
 p - 3 scrolls of remove curse
 q - a scroll of holy word
 v - a scroll of recharging
 z - 6 scrolls of teleportation
 L - a scroll of blinking
 R - 2 scrolls of vulnerability
 W - 2 scrolls of fear
 Y - 2 scrolls of silence
Jewellery
 g - a ring of flight (right hand)
 r - an amulet of clarity (around neck)
 y - an uncursed ring of teleportation
 Q - a ring of poison resistance (left hand)
Potions
 c - 2 potions of brilliance
 h - 5 potions of curing
 l - a potion of restore abilities
 m - 3 potions of agility
 o - 3 potions of heal wounds
 w - a potion of flight
 A - 3 potions of speed


   Skills:
 + Level 7.8 Fighting
 + Level 18.8 Short Blades
 - Level 1.1 Throwing
 + Level 13.3 Dodging
 + Level 17.6 Stealth
 - Level 14.6 Spellcasting
 + Level 14.6 Hexes


You had 31 spell levels left.
You knew the following spells:

 Your Spells              Type           Power        Failure   Level  Hunger
a - Repel Missiles        Chrm/Air       ##....       10%         2    None
b - Ensorcelled Hibernat  Hex/Ice        #####.       1%          2    None
c - Confuse               Hex            ######..     1%          3    None
d - Invisibility          Hex            ######..     1%          6    ######.


Dungeon Overview and Level Annotations

Branches:
Dungeon (16/16)            Temple (0/1) D:7             Orc (4/4) D:9
    Elf (0/3) Orc:4          Lair (8/8) D:9           Swamp (5/5) Lair:5
  Snake (0/5) Lair:6        Slime (0/6) Lair:6       Vaults (0/5) D:15
 Depths (0/6) D:16

Altars:
Cheibriados
Dithmenos
Elyvilon
Fedhas
Nemelex Xobeh
Okawaru
Sif Muna
Trog
Yredelemnul
The Shining One
Lugonu

Shops:
D:11 ?   D:12 }   Orc:2 [   Orc:4 ?=[}

Annotations:
Swamp:2 Nikola


Innate Abilities, Weirdness & Mutations

You are tiny and cannot use many weapons and most armour.
You have supernaturally acute eyesight.
You are a herbivore.
You cover ground extremely quickly.
You need consume almost no food.
You are partially covered in thin metallic scales (AC +2).
You can breathe flames.
You are clumsy. (Dex -2)
You passively map a small area around you.


Message History

Press: ? - help, Shift-Dir - straight line, f/p - spriggan druid
Aim: a spriggan druid, wielding a quarterstaff and wearing a robe (umbra)
The spriggan druid resists with almost no effort.
You are hit by a branch!
* * * LOW HITPOINT WARNING * * *
The baby alligator barely misses you.
The spriggan druid completely misses you.
Unknown command.
Drink which item? (? for menu, Esc to quit)
You feel much better. A tree reaches out and hits you!
* * * LOW HITPOINT WARNING * * *
The baby alligator completely misses you.
The spriggan druid completely misses you.
The baby alligator completely misses you.
Read which item? (? for menu, Esc to quit)
As you read the scroll of fear, it crumbles to dust.
You assume a fearsome visage.
The spriggan druid resists with almost no effort.
The baby alligator looks frightened!
A root smacks you from below.
You die...

≈♣♣.≈≈≈≈§≈≈.♣♣♣.≈.♣
≈♣♣♣≈..≈≈.≈≈♣♣≈♣♣≈♣♣♣
≈≈,♣≈..../≈≈..♣...≈.♣
≈≈≈..♣≈≈≈.≈≈≈.♣.≈...♣
≈≈§≈..♣♣♣♣≈≈§.....♣*
,,≈≈≈.* ♣♣♣♣♣♣..≈♣**
**≈≈≈≈* ♣♣.....≈♣♣♣≈*♣
*,≈≈≈***♣.≈≈≈%.i♣♣♣..♣
**≈≈≈.≈♣♣.≈≈≈%♣♣@≈.≈≈♣
*≈≈≈≈.≈..≈≈≈≈♣♣t≈...♣
**,≈≈≈...≈≈i≈♣♣≈.♣♣♣♣
*,,,≈..≈≈≈≈.≈♣.≈♣*
*,≈≈≈§≈≈≈≈≈≈.♣..§*
***≈≈≈≈≈≈f≈≈≈≈≈.≈≈♣♣
,**≈≈≈ ..≈≈≈≈≈...≈≈**
≈,,≈≈ ≈≈♣♣≈≈≈.♣♣≈≈≈≈*
,≈≈≈≈≈≈**♣.≈.♣♣♣♣♣***


You could see a baby alligator (fleeing) and a spriggan druid.

Vanquished Creatures
  Rupert (Swamp:2)
  A thorn hunter (Swamp:3)
  Donald (Orc:4)
  Maud (Lair:4)
  Louise (Swamp:2)
  A frost giant (D:16)
  6 dire elephants (Lair:8)
  A minotaur (Lab)
  A vault guard (D:12)
  A fire dragon (D:14)
  5 spriggans
  Josephine (D:11)
  18 hydras
  Erica (Lair:6)
  An anaconda (Lair:8)
  7 alligators
  A tengu warrior (D:14)
  6 death yaks
  2 rakshasas
  2 very ugly things
  5 centaur warriors
  A catoblepas (Lair:6)
  4 swamp dragons
  An unseen horror (D:15)
  5 orc knights
  2 ice statues (IceCv)
  6 hill giants
  Erolcha (D:11)
  A necromancer (D:11)
  2 griffons
  2 red wasps
  4 cyclopes
  3 manticores
  7 elephants
  15 spiny frogs
  7 black mambas
  A feature mimic (Lair:1)
  2 yaktaurs
  2 centaur zombies
  4 fire drakes
  A tengu conjurer (D:14)
  6 trolls
  6 komodo dragons
  A two-headed ogre (D:11)
  7 giant leeches
  4 wandering mushrooms (D:10)
  22 blink frogs
  Prince Ribbit (D:7)
  5 giant fireflies
  20 slime creatures
  10 ravens
  11 baby alligators
  5 bog bodies
  4 brown oozes (Lair:6)
  A formicid (shapeshifter) (D:15)
  2 basilisks
  2 flying skulls (D:11)
  3 thorn lotuses
  2 shadows (D:11)
  A hill giant zombie (D:11)
  7 wyverns
  3 sharks
  An elephant slug (Lair:3)
  2 wraiths
  A steam dragon (D:12)
  59 yaks
  3 gargoyles
  15 vampire mosquitoes
  13 wolves
  A centaur simulacrum (D:16)
  10 hippogriffs
  10 ugly things
  Edmund (D:5)
  16 porcupines
  19 swamp worms
  2 orange crystal statues
  5 necrophages
  2 dwarves (D:8)
  11 swamp drakes
  A mottled dragon (D:16)
  2 giant goldfish
  3 black bears
  A deep dwarf (shapeshifter) (D:15)
  17 centaurs
  38 ice beasts
  6 ogres
  A manticore zombie (D:11)
  38 orc warriors
  2 boring beetles (Lair:5)
  A phantom (D:6)
  A manticore skeleton (D:11)
  4 wargs
  The ghost of Kae the Sneak, an average SpEn (D:3)
  A yellow wasp (Lair:3)
  Sigmund (D:7)
  Duvessa (D:5)
  12 crocodiles
  21 giant frogs
  15 giant slugs
  Blork the orc (D:4)
  A silver statue (D:16)
  A wyvern zombie (D:11)
  4 insubstantial wisps (Swamp:2)
  2 cyclops skeletons
  18 water moccasins
  A wyvern skeleton (D:10)
  A troll zombie (D:11)
  2 oklob saplings (D:10)
  5 wights
  An eye of draining (D:12)
  3 electric eels
  A yak skeleton (D:11)
  9 killer bees
  2 troll skeletons (D:11)
  2 goliath beetles
  An elf skeleton (D:15)
  19 orc priests
  Dowan (D:5)
  11 crimson imps
  2 giant frog zombies (D:11)
  12 hounds
  4 big fish
  A two-headed ogre zombie (D:11)
  Crazy Yiuf (D:7)
  3 centaur skeletons
  12 jellies
  A water moccasin skeleton (D:4)
  2 giant frog skeletons
  2 quasits
  A yellow wasp zombie (D:8)
  22 orc wizards
  3 scorpions
  6 worker ants
  9 iguanas
  A killer bee zombie (D:13)
  2 ogre zombies
  20 sheep
  Jessica (D:3)
  An ogre skeleton (D:11)
  Terence (D:3)
  3 worker ant zombies
  15 green rats
  20 adders
  13 worms
  3 giant mites
  A scorpion zombie (D:6)
  An adder skeleton (D:5)
  A giant eyeball (D:11)
  9 giant geckos
  153 orcs
  A ball python (D:1)
  11 hobgoblins
  33 jackals
  7 quokkas
  32 bats
  3 giant cockroaches (D:2)
  5 giant newts
  A giant spore (D:13)
  16 goblins
  16 kobolds
  A kobold zombie (D:8)
  An orc skeleton (D:4)
  22 rats
  3 ballistomycetes
  2 plants (Lair:8)
1162 creatures vanquished.

Vanquished Creatures (others)
  A bog body (Swamp:2)
  An ice beast (IceCv)
  A centaur (D:14)
  An orc (Orc:1)
  A giant spore (D:14)
  2 briar patches (Swamp:5)
  6 fungi
  5 plants
18 creatures vanquished.

Grand Total: 1180 creatures vanquished

Notes
Turn   | Place    | Note
--------------------------------------------------------------
     0 | D:1      | Kae, the Spriggan Enchanter, began the quest for the Orb.
     0 | D:1      | Reached XP level 1. HP: 9/9 MP: 4/4
   135 | D:1      | Found a sparkling altar of Nemelex Xobeh.
   223 | D:1      | Reached XP level 2. HP: 10/13 MP: 8/8
   978 | D:2      | Reached XP level 3. HP: 8/16 MP: 8/11
   992 | D:2      | Learned a level 2 spell: Ensorcelled Hibernation
   996 | D:2      | Learned a level 3 spell: Confuse
  1060 | D:2      | Reached skill level 4 in Stealth
  1629 | D:2      | Reached XP level 4. HP: 21/21 MP: 14/14
  1885 | D:3      | Noticed Terence
  1886 | D:3      | Killed Terence
  1900 | D:3      | Noticed Kae's ghost (average SpEn)
  1902 | D:3      | Noticed Jessica
  1933 | D:3      | Killed Kae's ghost
  1933 | D:3      | Reached skill level 5 in Stealth
  1933 | D:3      | Reached XP level 5. HP: 13/24 MP: 3/17
  1959 | D:3      | Killed Jessica
  2474 | D:3      | Found a shadowy altar of Dithmenos.
  2657 | D:3      | Became a worshipper of Dithmenos
  2902 | D:4      | Reached skill level 6 in Stealth
  2926 | D:4      | Reached XP level 6. HP: 21/28 MP: 16/20
  2968 | D:4      | Noticed Blork the orc
  2991 | D:4      | Killed Blork the orc
  3435 | D:4      | Reached skill level 7 in Stealth
  3526 | D:5      | Entered Level 5 of the Dungeon
  3697 | D:5      | Reached XP level 7. HP: 26/32 MP: 17/22
  3703 | D:5      | Reached skill level 5 in Hexes
  3852 | D:5      | Noticed Dowan
  3879 | D:5      | Killed Dowan
  3879 | D:5      | Reached skill level 8 in Stealth
  3974 | D:5      | Got a distressingly furry robe
  3980 | D:5      | Identified the +1 robe of Truth {MR++} (You found it on level 5 of the Dungeon)
  3988 | D:5      | Reached skill level 9 in Short Blades
  3988 | D:5      | Reached skill level 13 in Stealth
  3988 | D:5      | Reached XP level 8. HP: 36/36 MP: 22/27
  4007 | D:5      | Gained mutation: You can breathe flames. [potion of mutation]
  4007 | D:5      | Gained mutation: You passively map a small area around you. [potion of mutation]
  4007 | D:5      | Gained mutation: You are clumsy. (Dex -2) [potion of mutation]
  4049 | D:5      | Noticed Duvessa
  4086 | D:5      | Killed Duvessa
  4135 | D:5      | Noticed Edmund
  4138 | D:5      | Killed Edmund
  5081 | D:6      | Reached XP level 9. HP: 37/39 MP: 28/28
  5843 | D:7      | Noticed Sigmund
  5851 | D:7      | Killed Sigmund
  6101 | D:7      | Reached skill level 10 in Short Blades
  6103 | D:7      | Found a staircase to the Ecumenical Temple.
  6194 | D:7      | Reached skill level 14 in Stealth
  6246 | D:7      | Noticed Prince Ribbit
  6249 | D:7      | Killed Prince Ribbit
  6315 | D:7      | Noticed Crazy Yiuf
  6325 | D:7      | Killed Crazy Yiuf
  6704 | D:8      | Found an iron altar of Okawaru.
  6711 | D:8      | Reached XP level 10. HP: 44/44 MP: 30/30
  7091 | D:8      | Acquired Dithmenos' first power
  7277 | D:8      | Found a blossoming altar of Fedhas.
  7277 | D:8      | Found a basalt altar of Yredelemnul.
  7411 | D:9      | Found a staircase to the Lair.
  7886 | D:9      | Found a staircase to the Orcish Mines.
  8625 | D:10     | Entered Level 10 of the Dungeon
  8645 | D:10     | Acquired Dithmenos' second power
  9056 | D:10     | Gained mutation: You are partially covered in thin metallic scales (AC +2). [potion of beneficial mutation]
  9510 | D:10     | Found a blossoming altar of Fedhas.
  9525 | D:10     | Learned a level 6 spell: Invisibility
  9887 | Lair:1   | Entered Level 1 of the Lair of Beasts
 10187 | Lair:1   | Got a pitted amber ring
 10305 | Lair:1   | Identified the ring "Edenodada" {Fire MR++} (You found it on level 1 of the Lair of Beasts)
 10627 | Lair:1   | Reached skill level 15 in Stealth
 10715 | Lair:1   | Reached XP level 11. HP: 47/47 MP: 32/32
 10976 | Lair:2   | Reached skill level 10 in Spellcasting
 11844 | Lair:2   | Noticed an eight-headed hydra
 11845 | Lair:2   | Killed an eight-headed hydra
 11845 | Lair:2   | Reached skill level 10 in Hexes
 13746 | Lair:3   | Acquired Dithmenos' third power
 15284 | Lair:4   | Noticed Maud
 15289 | Lair:4   | Killed Maud
 15289 | Lair:4   | Reached XP level 12. HP: 51/51 MP: 24/34
 15309 | Lair:4   | Noticed a seven-headed hydra
 15315 | Lair:4   | Killed a seven-headed hydra
 15872 | Lair:5   | Noticed a five-headed hydra
 15878 | Lair:5   | Killed a five-headed hydra
 15912 | Lair:5   | Noticed a six-headed hydra
 15920 | Lair:5   | Killed a six-headed hydra
 16906 | Lair:5   | Found a staircase to the Swamp.
 17325 | Lair:6   | Reached XP level 13. HP: 55/55 MP: 31/36
 17349 | Lair:6   | Reached skill level 15 in Short Blades
 17378 | Lair:6   | Noticed Erica
 17402 | Lair:6   | Killed Erica
 17409 | Lair:6   | Found a staircase to the Slime Pits.
 17965 | Lair:6   | Noticed an eight-headed hydra
 17971 | Lair:6   | Killed an eight-headed hydra
 17972 | Lair:6   | Found a staircase to the Snake Pit.
 18874 | Lair:7   | Found a white marble altar of Elyvilon.
 19010 | Lair:7   | Reached skill level 1 in Fighting
 19330 | Lair:7   | Reached skill level 16 in Short Blades
 19615 | Lair:7   | Acquired Dithmenos' fourth power
 19615 | Lair:7   | Reached skill level 5 in Dodging
 19925 | Lair:8   | Entered Level 8 of the Lair of Beasts
 19928 | Lair:8   | Identified a scroll of acquirement
 20877 | Lair:8   | Noticed a dire elephant
 20877 | Lair:8   | Noticed a dire elephant
 20892 | Lair:8   | Noticed a dire elephant
 20906 | Lair:8   | Noticed a dire elephant
 20914 | Lair:8   | Noticed a dire elephant
 21422 | Lair:8   | Killed a dire elephant
 21422 | Lair:8   | Reached XP level 14. HP: 42/63 MP: 30/37
 21802 | Lair:8   | Killed a dire elephant
 22153 | Lair:8   | Noticed a dire elephant
 22183 | Lair:8   | Killed a dire elephant
 22789 | Lair:8   | Killed a dire elephant
 23209 | Lair:8   | Killed a dire elephant
 23437 | Lair:8   | Killed a dire elephant
 23610 | Lair:8   | Got a transparent quick blade
 23611 | Lair:8   | Identified the +7,-3 quick blade "Efimid" {stab, +Rage rElec rF+ Str+2} (You found it on level 8 of the Lair of Beasts)
 24089 | D:11     | Found a glowing golden altar of the Shining One.
 24145 | D:11     | Found Ixuacvem's Magic Scroll Emporium.
 24150 | D:11     | Noticed Erolcha
 24155 | D:11     | Killed Erolcha
 24193 | D:11     | Found a flagged portal.
 24202 | Bailey   | Entered a bailey
 24235 | Bailey   | Identified a +3 rod of inaccuracy (11/11) (You found it on level 4 of the Lair of Beasts)
 24437 | Bailey   | Got a flickering bone ring
 24572 | D:11     | Found a deep blue altar of Sif Muna.
 24763 | D:11     | Reached skill level 17 in Short Blades
 24787 | D:11     | Noticed Josephine
 25118 | D:11     | Killed Josephine
 25580 | Orc:1    | Entered Level 1 of the Orcish Mines
 25589 | Orc:1    | Found a frozen archway.
 25650 | Orc:1    | Identified the cursed ring "Qacib" {Wiz rC++ Str+1} (You found it in a bailey)
 25666 | IceCv    | Entered an ice cave
 28098 | Orc:2    | Found Ytaom's Antique Armour Boutique.
 28228 | Orc:2    | Found a bloodstained altar of Trog.
 29582 | Orc:4    | Entered Level 4 of the Orcish Mines
 29825 | Orc:4    | Found a staircase to the Elven Halls.
 29974 | Orc:4    | Found Blomm's Antique Armour Emporium.
 29974 | Orc:4    | Found Pras' Jewellery Boutique.
 29981 | Orc:4    | Found Umuv's Magic Scroll Shop.
 29983 | Orc:4    | Found Ymuit's Gadget Shoppe.
 30028 | Orc:4    | Reached skill level 5 in Fighting
 30264 | Orc:4    | Noticed Donald
 30266 | Orc:4    | Killed Donald
 30786 | D:12     | Found a portal to a secret trove of treasure.
 30791 | Trove    | Entered a treasure trove
 30904 | D:12     | Found Calaent's Gadget Emporium.
 31037 | D:12     | Reached XP level 15. HP: 72/72 MP: 32/38
 31433 | D:12     | Found a blossoming altar of Fedhas.
 31960 | D:13     | Found a labyrinth entrance.
 31970 | Lab      | Entered a labyrinth
 32279 | Lab      | Got a wavering silver ring
 32292 | Lab      | Got a heavily runed marble ring
 32292 | Lab      | Identified Loequzud's Catalogue of the Damaging Birds (You found it in a labyrinth)
 32310 | Lab      | Identified Etax's Collected Works on the Mutagenic Mountains (You found it in a labyrinth)
 32322 | D:13     | Reached skill level 10 in Dodging
 32393 | D:13     | Identified the ring of Miracles {Hunger Str+3} (You found it in a labyrinth)
 32394 | D:13     | Identified the ring of the Tarantula {Str+1 Int+3} (You took it off a minotaur in a labyrinth)
 32688 | D:14     | Found a corrupted altar of Lugonu.
 32702 | D:14     | Reached skill level 18 in Short Blades
 32907 | D:14     | Learned a level 2 spell: Repel Missiles
 33581 | D:15     | Entered Level 15 of the Dungeon
 33753 | D:15     | Found a snail-covered altar of Cheibriados.
 33800 | D:15     | Found a gate to the Vaults.
 35395 | D:16     | Entered Level 16 of the Dungeon
 35972 | D:16     | Found a staircase to the Depths.
 36351 | Orc:4    | Bought an uncursed ring of poison resistance for 240 gold pieces
 36351 | Orc:4    | Bought an uncursed amulet of inaccuracy for 24 gold pieces
 36643 | Swamp:1  | Entered Level 1 of the Swamp
 37693 | Swamp:2  | Noticed Louise
 37698 | Swamp:2  | Reached XP level 16. HP: 79/79 MP: 38/39
 37701 | Swamp:2  | Killed Louise
 37711 | Swamp:2  | Noticed Rupert
 37731 | Swamp:2  | Killed Rupert
 39684 | Swamp:2  | Noticed Nikola
 44242 | Swamp:5  | Entered Level 5 of the Swamp
 44870 | Swamp:5  | HP: 4/81 [spriggan druid/angry trees (15)]
 44872 | Swamp:5  | Killed from afar by a spriggan druid

Action                   |  1- 3 |  4- 6 |  7- 9 | 10-12 | 13-15 | 16-18 || total
-------------------------+-------+-------+-------+-------+-------+-------++-------
Melee: Dagger            |   154 |   215 |   289 |   661 |   131 |       ||  1450
       Quick blade       |       |       |       |       |  2073 |   304 ||  2377
Throw: Dart              |     1 |     6 |       |     6 |     1 |     2 ||    16
 Cast: Corona            |     4 |       |       |       |       |       ||     4
       Ensorcelled Hiber |     5 |    19 |    88 |   215 |   501 |   142 ||   970
       Confuse           |       |     4 |     5 |    44 |    90 |    91 ||   234
       Invisibility      |       |       |       |     5 |    21 |     3 ||    29
Invok: Shadow Step       |       |       |       |     1 |    18 |    11 ||    30
 Abil: Evoke Flight      |       |     1 |       |       |     2 |     8 ||    11
       Breathe Fire      |       |       |       |       |     1 |       ||     1
Evoke: Wand              |       |     1 |       |    12 |    18 |     2 ||    33
       Disc of storms    |       |       |       |     1 |       |       ||     1
  Use: Scroll            |       |    11 |     2 |    12 |    26 |     8 ||    59
       Potion            |       |     1 |     9 |     3 |     1 |     3 ||    17
 Stab: Sleeping          |    13 |    19 |    68 |   200 |   435 |    92 ||   827
       Confused          |       |     3 |     4 |     6 |    37 |    15 ||    65
       Distracted        |       |     1 |     4 |     4 |    12 |     5 ||    26
       Invisible         |       |       |       |    14 |    98 |    10 ||   122
